[Event "Titled Tuesday Blitz January 25 2022"]
[White "Albornoz Cabrera, Carlos Daniel"]
[Black "Cherniaiev, Tykhon"]
[WhiteFideId "3518736"]
[BlackFideId "14182360"]
[WhiteElo "2490"]
[BlackElo "2289"]
[Result "0-1"]
[Round "03"]
[TimeControl "180+1"]
[Date "2022.01.26"]
[WhiteClock "0:00:01"]
[BlackClock "0:00:18"]

1. e4 c5 2. Nf3 e6 3. g3 a6 4. Bg2 Nc6 5. O-O b5 6. d4 cxd4 7. Nxd4 Bb7 8. Re1 Bc5 9. Be3 Qe7 10. Nc3 Nf6 11. e5 Ng8 12. Nd5 exd5 13. Nf5 Qf8 14. Bxc5 Qxc5 15. Nd6+ Kf8 16. Nxb7 Qb6 17. Nd6 Qd4 18. Qh5 g6 19. Qe2 Nge7 20. Rad1 Qc5 21. c3 Kg7 22. h4 Rhf8 23. h5 h6 24. hxg6 fxg6 25. Qg4 Nxe5 26. Rxe5 Qxd6 27. Rde1 Nc6 28. Rxd5 Qf6 29. Rxd7+ Kh8 30. f4 Rae8 31. Rdd1 Ne7 32. Re6 Qf7 33. Rde1 Nf5 34. Rxe8 Rxe8 35. Rxe8+ Qxe8 36. Qf3 Qe1+ 37. Kh2 h5 38. Qa8+ Kg7 39. Qb7+ Kh6 40. Qf3 Ne3 41. Qe4 Ng4+ 42. Kh3 Nf2+ 43. Kh4 Nxe4 0-1


[Site "https://www.chess.com"]

[Event "Titled Tuesday Blitz January 25 2022"]
[White "Andreikin, Dmitry"]
[Black "Martinez Ramirez, Lennis"]
[WhiteFideId "4158814"]
[BlackFideId "3509079"]
[WhiteElo "2736"]
[BlackElo "2374"]
[Result "1-0"]
[Round "03"]
[TimeControl "180+1"]
[Date "2022.01.26"]
[WhiteClock "0:00:56"]
[BlackClock "0:00:08"]

1. d4 Nf6 2. c4 e6 3. Nc3 Bb4 4. Qc2 d5 5. cxd5 exd5 6. Bg5 O-O 7. e3 h6 8. Bh4 Be7 9. Nf3 Be6 10. Bd3 Nbd7 11. O-O Nh5 12. Bxe7 Qxe7 13. b4 a6 14. a4 Rac8 15. b5 a5 16. Ne2 Bg4 17. Ng3 Bxf3 18. gxf3 Nhf6 19. Nf5 Qd8 20. Kh1 Kh8 21. Rg1 Rg8 22. Rg3 h5 23. Rag1 g6 24. Nh6 Rg7 25. Bxg6 fxg6 26. Rxg6 Rh7 27. Qf5 Qf8 28. Qf4 c5 29. bxc6 bxc6 30. Nf5 Re8 31. Rg7 Qb4 32. Nd6 Rf8 33. Qg5 Ng4 34. Nf7+ Rxf7 35. Rg8# 1-0


[Site "https://www.chess.com"]

[Event "Titled Tuesday Blitz January 25 2022"]
[White "Artemenko, Oleg"]
[Black "Timofeev, Artyom"]
[WhiteFideId "14201798"]
[BlackFideId "4140419"]
[WhiteElo "2287"]
[BlackElo "2583"]
[Result "0-1"]
[Round "03"]
[TimeControl "180+1"]
[Date "2022.01.26"]
[WhiteClock "0:00:08"]
[BlackClock "0:00:36"]

1. d4 d5 2. Nc3 Nf6 3. Bf4 a6 4. e3 e6 5. g4 Bb4 6. Bg2 c5 7. g5 Nfd7 8. Ne2 Nc6 9. a3 Bxc3+ 10. bxc3 Qe7 11. h4 O-O 12. O-O e5 13. Bg3 Rd8 14. Bxd5 Nb6 15. Bg2 Bg4 16. f3 Be6 17. Bf2 Bc4 18. Re1 Nd5 19. e4 Bxe2 20. Qxe2 Nxc3 21. Qd3 cxd4 22. Bf1 Rac8 23. Bg3 b5 24. Bh3 Rc7 25. Kg2 Na4 26. Rf1 Nb2 27. Qe2 Nc4 28. Kg1 Ne3 29. Rfc1 g6 30. Bf2 Nc4 31. a4 Nb4 32. axb5 axb5 33. Rd1 Kg7 34. Rab1 Na2 35. Be1 Ne3 36. Rd3 Rxc2 37. Rd2 Nc3 38. Qd3 Rxd2 39. Bxd2 Nxb1 40. Qxb1 Qc5 41. Kf2 Nc2 42. Bf1 d3+ 43. Kg2 Ne3+ 44. Kf2 Nc4+ 45. Ke1 Nxd2 0-1


[Site "https://www.chess.com"]

[Event "Titled Tuesday Blitz January 25 2022"]
[White "Atakhan, Abtin"]
[Black "Horvath, Dominik"]
[WhiteFideId "22502203"]
[BlackFideId "1642561"]
[WhiteElo "2119"]
[BlackElo "2336"]
[Result "0-1"]
[Round "03"]
[TimeControl "180+1"]
[Date "2022.01.26"]
[WhiteClock "0:00:01"]
[BlackClock "0:00:07"]

1. e4 e5 2. Nf3 Nc6 3. Bb5 a6 4. Ba4 Nf6 5. O-O Be7 6. d3 b5 7. Bb3 d6 8. a4 Bd7 9. c3 O-O 10. Bc2 Re8 11. Re1 Bf8 12. Nbd2 Ne7 13. Nf1 Ng6 14. Ne3 c5 15. Nf1 Rb8 16. Ng3 b4 17. Bg5 h6 18. Bd2 a5 19. d4 cxd4 20. cxd4 Bg4 21. Nf5 d5 22. h3 Bxf3 23. Qxf3 dxe4 24. Bxe4 exd4 25. Bc6 Rxe1+ 26. Rxe1 Rc8 27. Bb5 Qd5 28. Nxh6+ gxh6 29. Qxf6 Bg7 30. Qa6 Rc2 31. Bc1 Nh4 32. Re8+ Bf8 33. Rxf8+ Kxf8 34. Qxh6+ Kg8 35. Qxh4 Rxc1+ 36. Kh2 Qd6+ 37. f4 d3 38. Qg3+ Kf8 39. Bxd3 Rd1 40. Be2 Rd4 41. Kg1 Qxf4 42. Qb3 Qe5 43. Bf3 Rd2 44. Qc4 Qe1+ 45. Kh2 Qe5+ 46. Kh1 Rxb2 47. Qc8+ Kg7 48. Qg4+ Kf6 49. Qh4+ Ke6 50. Bg4+ f5 51. Qh6+ Qf6 52. Qe3+ Qe5 53. Qb6+ Ke7 54. Qb7+ Kf6 55. Qb6+ Kg5 56. h4+ Kxg4 57. Qg6+ Kf4 58. Qg5+ Ke4 59. Qc1 Qc3 60. Qf1 Qd3 61. Qe1+ Kd5 62. Qe8 Rb1+ 63. Kh2 Qe4 64. Qd7+ Kc4 65. Qf7+ Kc3 66. Qf6+ Kb3 67. Qf7+ Ka3 68. Qc7 f4 69. h5 Qe3 70. Qd6 Qg3# 0-1


[Site "https://www.chess.com"]

[Event "Titled Tuesday Blitz January 25 2022"]
[White "Azadaliyev, Jahandar"]
[Black "Zakhartsov, Vladimir"]
[WhiteFideId "13425811"]
[BlackFideId "4145097"]
[WhiteElo "1795"]
[BlackElo "2432"]
[Result "1-0"]
[Round "03"]
[TimeControl "180+1"]
[Date "2022.01.26"]
[WhiteClock "0:02:03"]
[BlackClock "0:02:38"]

1. d4 Nf6 2. c4 e6 3. Nf3 c5 4. d5 exd5 5. cxd5 b5 6. Bg5 d6 7. e4 a6 8. Be2 Be7 9. Nbd2 Nxd5 10. exd5 Bxg5 11. O-O O-O 12. Nxg5 Qxg5 13. Ne4 Qe7 14. Bd3 Nd7 15. Qh5 Ne5 16. Nf6+ 1-0


[Site "https://www.chess.com"]

[Event "Titled Tuesday Blitz January 25 2022"]
[White "Bacrot, Etienne"]
[Black "Atanasov, Anthony"]
[WhiteFideId "605506"]
[BlackFideId "2623897"]
[WhiteElo "2673"]
[BlackElo "1928"]
[Result "1-0"]
[Round "03"]
[TimeControl "180+1"]
[Date "2022.01.26"]
[WhiteClock "0:00:59"]
[BlackClock "0:00:01"]

1. d4 e5 2. dxe5 Nc6 3. Nf3 Qe7 4. Nc3 Nxe5 5. e4 Nf6 6. Bg5 c6 7. Qd2 h6 8. Bh4 d5 9. O-O-O Bg4 10. Be2 Bxf3 11. gxf3 g5 12. Bg3 dxe4 13. Qd4 Ned7 14. Nxe4 Bg7 15. Bd6 Qe6 16. Bc4 1-0


[Site "https://www.chess.com"]

[Event "Titled Tuesday Blitz January 25 2022"]
[White "Badmatsyrenov, Oleg"]
[Black "Deac, Bogdan-Daniel"]
[WhiteFideId "24115762"]
[BlackFideId "1226380"]
[WhiteElo "2403"]
[BlackElo "2646"]
[Result "0-1"]
[Round "03"]
[TimeControl "180+1"]
[Date "2022.01.26"]
[WhiteClock "0:00:01"]
[BlackClock "0:00:04"]

1. e4 c5 2. Nf3 Nc6 3. d4 cxd4 4. Nxd4 Nf6 5. Nc3 e5 6. Ndb5 d6 7. Bg5 a6 8. Na3 b5 9. Nd5 Be7 10. Bxf6 Bxf6 11. c4 b4 12. Nc2 Rb8 13. b3 g6 14. g3 Bg7 15. Bg2 O-O 16. O-O a5 17. Qd3 Be6 18. Rad1 a4 19. h4 h5 20. Kh2 Qa5 21. Bh3 Qc5 22. Kg2 Rb7 23. Qe3 Ra8 24. Qg5 Kh7 25. Nf6+ Bxf6 26. Qxf6 Re8 27. Bf5 Kg8 28. Rd3 axb3 29. axb3 gxf5 30. exf5 e4 31. Rd5 Bxd5 32. Qg5+ Kf8 33. cxd5 Qxd5 34. Ne3 Qe5 35. Qh6+ Qg7 36. Qf4 Ne5 37. Nd5 Rd7 38. f6 Qg6 0-1


[Site "https://www.chess.com"]

[Event "Titled Tuesday Blitz January 25 2022"]
[White "Barria Zuniga, Daniel"]
[Black "Osmonbekov, Talaibek"]
[WhiteFideId "3400816"]
[BlackFideId "2017253"]
[WhiteElo "2414"]
[BlackElo "2135"]
[Result "1-0"]
[Round "03"]
[TimeControl "180+1"]
[Date "2022.01.26"]
[WhiteClock "0:00:49"]
[BlackClock "0:00:01"]

1. d4 e6 2. c4 f5 3. g3 Nf6 4. Bg2 Be7 5. d5 e5 6. Nh3 h6 7. O-O d6 8. Nc3 O-O 9. f4 e4 10. e3 a5 11. b3 Na6 12. Nf2 Qe8 13. Bb2 Bd7 14. a3 c6 15. Qd4 Nc5 16. Qd1 a4 17. b4 Nb3 18. Rb1 Qg6 19. Nxa4 Rxa4 20. Qxb3 Raa8 21. dxc6 bxc6 22. a4 d5 23. b5 Rfb8 24. Bxf6 Bxf6 25. Rfc1 d4 26. c5+ Kh7 27. exd4 Bxd4 28. Rd1 Qf6 29. Qc4 Bxf2+ 30. Kxf2 cxb5 31. axb5 Be6 32. Qd4 Ra2+ 33. Kg1 Qg6 34. c6 h5 35. c7 Rb7 36. b6 h4 37. Qe3 h3 38. Bf1 Qh5 39. Ra1 1-0


[Site "https://www.chess.com"]

[Event "Titled Tuesday Blitz January 25 2022"]
[White "Bluebaum, Matthias"]
[Black "Ovetchkin, Roman"]
[WhiteFideId "24651516"]
[BlackFideId "4119991"]
[WhiteElo "2550"]
[BlackElo "2409"]
[Result "0-1"]
[Round "03"]
[TimeControl "180+1"]
[Date "2022.01.26"]
[WhiteClock "0:00:06"]
[BlackClock "0:00:11"]

1. d4 Nf6 2. Nf3 g6 3. Nc3 Bg7 4. e4 d5 5. e5 Ne4 6. Bd3 Nxc3 7. bxc3 c5 8. h4 c4 9. Be2 Qa5 10. Bd2 h6 11. Nh2 Nc6 12. Nf1 h5 13. Ne3 Bh6 14. Nf1 Bxd2+ 15. Qxd2 Bf5 16. Ne3 e6 17. f3 O-O-O 18. Kf2 Qa3 19. Rhb1 Rd7 20. Nd1 Rc7 21. Qc1 Qxc1 22. Rxc1 b6 23. Ne3 Kb7 24. Rh1 Ka6 25. Nxf5 exf5 26. g4 f4 27. Rag1 Nd8 28. Bf1 Ne6 29. Bh3 Ng7 30. gxh5 Nxh5 31. Rg5 Ng3 32. Rh2 Rxh4 33. Bc8+ Rxc8 34. Rxh4 Nf5 35. Rh7 Rf8 36. e6 fxe6 37. Rxg6 Re8 38. Rf6 Ne3 39. Rff7 Nd1+ 40. Ke1 Nxc3 41. Kd2 Na4 42. Rxa7+ Kb5 43. Rh1 c3+ 44. Kd3 Kb4 45. Rb1+ Nb2+ 46. Ke2 e5 47. dxe5 Rxe5+ 48. Kf2 d4 49. a3+ Kc4 50. Rc7+ Rc5 51. Rf7 Rh5 52. Kg2 Rg5+ 53. Kf2 Rh5 54. Kg2 Rh4 55. Rc7+ Kd5 56. Rd7+ Kc5 57. Rc7+ Kd6 58. Rc8 Rh5 59. Rd8+ Kc5 60. Re1 Rd5 61. Rc8+ Kb5 62. Re4 Nc4 63. a4+ Kb4 64. Rxf4 Ne3+ 65. Kf2 Nxc2 66. Rc6 Kxa4 67. Rxb6 Nb4 68. Rb8 Kb3 69. Re4 c2 70. Rc8 d3 71. Re3 Kb2 72. Rc4 Na2 73. Re1 d2 74. Re2 c1=Q 75. Rxc1 Nxc1 76. Re3 d1=Q 77. Kg3 Rd3 78. Kf4 Rxe3 79. Kxe3 Qe2+ 80. Kf4 Nd3+ 81. Kg3 0-1


[Site "https://www.chess.com"]

[Event "Titled Tuesday Blitz January 25 2022"]
[White "Bodnaruk, Anastasia"]
[Black "Izoria, Zviad"]
[WhiteFideId "4181751"]
[BlackFideId "13601733"]
[WhiteElo "2393"]
[BlackElo "2626"]
[Result "1-0"]
[Round "03"]
[TimeControl "180+1"]
[Date "2022.01.26"]
[WhiteClock "0:00:07"]
[BlackClock "0:00:11"]

1. e4 c5 2. Nc3 Nc6 3. Bb5 Nd4 4. Bc4 e6 5. Nge2 Nf6 6. O-O a6 7. a4 d5 8. exd5 exd5 9. Ba2 Bg4 10. f3 Be6 11. Nxd4 cxd4 12. Ne2 d3 13. cxd3 Bd6 14. d4 Qc7 15. f4 O-O 16. d3 Bf5 17. h3 Rfe8 18. Bd2 Bxd3 19. Ba5 Qxa5 20. Qxd3 Qb4 21. Nc3 Rad8 22. Nxd5 Nxd5 23. Bxd5 Bc5 24. Bxf7+ Kxf7 25. Qf5+ Kg8 26. dxc5 Qxb2 27. Rae1 Qd4+ 28. Kh2 g6 29. Rxe8+ Rxe8 30. Qb1 Re7 31. Qc2 Rf7 32. c6 bxc6 33. Qxc6 Qf6 34. Qxf6 Rxf6 35. Kg3 Rc6 36. f5 Rc4 37. Rf4 Rc3+ 38. Kg4 Kg7 39. fxg6 hxg6 40. Rd4 Ra3 41. g3 Kh6 42. h4 a5 43. Rc4 Rb3 44. Kf4 Rb4 45. Rxb4 axb4 46. Ke4 g5 47. hxg5+ Kxg5 48. a5 1-0


[Site "https://www.chess.com"]

[Event "Titled Tuesday Blitz January 25 2022"]
[White "Boros, Denes"]
[Black "Perske, Thore"]
[WhiteFideId "722340"]
[BlackFideId "12902195"]
[WhiteElo "2464"]
[BlackElo "2315"]
[Result "0-1"]
[Round "03"]
[TimeControl "180+1"]
[Date "2022.01.26"]
[WhiteClock "0:00:38"]
[BlackClock "0:00:37"]

1. d4 Nf6 2. Nc3 e6 3. Bf4 d5 4. e3 Bd6 5. Bg5 h6 6. Bh4 a6 7. Nf3 Nbd7 8. Bd3 c5 9. O-O Qc7 10. dxc5 Nxc5 11. Bxf6 gxf6 12. e4 dxe4 13. Bxe4 f5 14. Bd3 b5 15. Bxb5+ Kf8 16. Bc4 Bb7 17. Kh1 Rg8 18. Qe2 Rc8 19. h3 Rg6 20. Rad1 Kg7 21. Nh4 Rg5 22. Nf3 Rg6 23. Rd4 Be7 24. Nh4 Bxh4 25. Rxh4 Bxg2+ 0-1


[Site "https://www.chess.com"]

[Event "Titled Tuesday Blitz January 25 2022"]
[White "Bortnyk, Olexandr"]
[Black "Kim, Sergey"]
[WhiteFideId "14120828"]
[BlackFideId "13700570"]
[WhiteElo "2723"]
[BlackElo "2615"]
[Result "1-0"]
[Round "03"]
[TimeControl "180+1"]
[Date "2022.01.26"]
[WhiteClock "0:00:08"]
[BlackClock "0:00:13"]

1. e4 e5 2. Nf3 Nc6 3. Bb5 a6 4. Ba4 Nf6 5. Nc3 b5 6. Bb3 Bc5 7. d3 h6 8. a4 b4 9. Nd5 d6 10. Be3 Bxe3 11. fxe3 O-O 12. O-O Be6 13. Qe1 Bxd5 14. Bxd5 Nxd5 15. exd5 Ne7 16. e4 a5 17. Nh4 Qd7 18. Qg3 Kh7 19. Rf3 f5 20. exf5 Nxd5 21. Qg6+ Kh8 22. Raf1 Rf6 23. Qg4 Ne7 24. b3 Raf8 25. h3 Qc6 26. R1f2 R8f7 27. Ng6+ Kg8 28. Nxe7+ Rxe7 29. Qe4 Qc5 30. g4 Ref7 31. Kg2 Re7 32. h4 d5 33. Qe3 Qc6 34. d4 e4 35. Rf4 Qd6 36. g5 hxg5 37. hxg5 Rf8 38. g6 Rf6 39. Qh3 Re8 40. Qh7+ Kf8 41. Qh8+ Ke7 42. Qxg7+ Kd8 43. Qh6 e3 44. Re2 Qd7 45. Qg5 Qe7 46. Rf3 1-0


[Site "https://www.chess.com"]

[Event "Titled Tuesday Blitz January 25 2022"]
[White "Brodowski, Piotr"]
[Black "Demchenko, Anton"]
[WhiteFideId "1124480"]
[BlackFideId "4160258"]
[WhiteElo "2422"]
[BlackElo "2539"]
[Result "0-1"]
[Round "03"]
[TimeControl "180+1"]
[Date "2022.01.26"]
[WhiteClock "0:00:04"]
[BlackClock "0:00:07"]

1. c4 e5 2. Nc3 Bb4 3. g3 Bxc3 4. dxc3 d6 5. Bg2 Nc6 6. e4 Nge7 7. Nf3 h6 8. Nd2 Be6 9. b3 O-O 10. Nf1 f5 11. exf5 Nxf5 12. Ne3 Nxe3 13. Bxe3 Qd7 14. h3 Rae8 15. Qd2 a5 16. a4 Ne7 17. O-O-O Nf5 18. g4 Nxe3 19. fxe3 b6 20. Be4 Qe7 21. Rdf1 Qh4 22. Qg2 Kh8 23. Bf5 Bxf5 24. gxf5 e4 25. Rf4 Qf6 26. Kc2 c6 27. Rd1 Re5 28. Rd4 d5 29. cxd5 cxd5 30. c4 dxc4 31. Rxc4 Rxf5 32. Rxf5 Qxf5 33. Qxe4 Qxh3 34. Kb2 Qh2+ 35. Rc2 Qg1 36. Qe6 Qg5 37. Qxb6 Re8 38. Re2 Qe5+ 39. Ka2 Rd8 40. Qb5 Qxb5 41. axb5 Rb8 42. Ka3 Rxb5 43. Ka4 Re5 44. e4 g5 45. b4 axb4 46. Kxb4 g4 47. Kc4 Rg5 48. Kd4 g3 49. Rg2 h5 50. Ke3 h4 51. Kf4 Rg7 52. e5 Kg8 53. Rg1 Kf8 54. Kf5 Ke7 55. Kf4 Ke6 56. Ra1 g2 57. Ra6+ Kd5 58. Ra5+ Kc4 59. Ra4+ Kb5 60. Ra1 h3 61. e6 h2 62. Kf5 g1=Q 0-1


[Site "https://www.chess.com"]

[Event "Titled Tuesday Blitz January 25 2022"]
[White "Bryakin, Mikhail"]
[Black "Sadovsky, Artem"]
[WhiteFideId "4165314"]
[BlackFideId "4155840"]
[WhiteElo "2421"]
[BlackElo "2369"]
[Result "1/2-1/2"]
[Round "03"]
[TimeControl "180+1"]
[Date "2022.01.26"]
[WhiteClock "0:01:04"]
[BlackClock "0:01:33"]

1. e4 g6 2. d4 Bg7 3. Nf3 d6 4. c3 e5 5. dxe5 dxe5 6. Qxd8+ Kxd8 7. Be3 f6 8. Nbd2 Nd7 9. O-O-O Bh6 10. Nc4 Bxe3+ 11. Nxe3 c6 12. Bc4 Ke7 13. h4 Nb6 14. Bb3 a5 15. a3 a4 16. Ba2 h5 17. Nd2 Nh6 18. f3 Be6 19. Bxe6 Kxe6 20. Ndc4 Nxc4 21. Nxc4 Nf7 22. Rd2 b5 23. Ne3 Rad8 24. Rhd1 Rxd2 25. Rxd2 Rd8 26. Rxd8 Nxd8 27. c4 f5 28. Kd2 f4 29. Nd1 Kd6 30. Nc3 Kc5 31. cxb5 cxb5 32. Nd5 Ne6 33. Kd3 1/2-1/2


[Site "https://www.chess.com"]

[Event "Titled Tuesday Blitz January 25 2022"]
[White "Ceres, Dragos"]
[Black "Ibrahimli, Murad"]
[WhiteFideId "13905864"]
[BlackFideId "13410229"]
[WhiteElo "2072"]
[BlackElo "2109"]
[Result "0-1"]
[Round "03"]
[TimeControl "180+1"]
[Date "2022.01.26"]
[WhiteClock "0:00:03"]
[BlackClock "0:00:21"]

1. e4 c5 2. Nf3 d6 3. d4 cxd4 4. Nxd4 Nf6 5. Nc3 a6 6. Be3 Ng4 7. Bc1 Nc6 8. f3 Nge5 9. Be3 Nxd4 10. Bxd4 Nc6 11. Be3 g6 12. Qd2 Bg7 13. Bc4 Be6 14. Bxe6 fxe6 15. O-O O-O 16. Rab1 Qa5 17. a3 Ne5 18. Ne2 Qxd2 19. Bxd2 Nc4 20. Bc3 Bxc3 21. Nxc3 Nd2 22. Rfd1 Nxb1 23. Rxb1 Rac8 24. Kf2 g5 25. h3 Kg7 26. Ke3 Kg6 27. Rd1 Rc4 28. Kd3 Rfc8 29. Rd2 b5 30. Nd1 R4c5 31. Ne3 h5 32. c3 a5 33. Nc2 Kf6 34. Nd4 e5 35. Nb3 R5c7 36. Nxa5 g4 37. hxg4 hxg4 38. Nb3 g3 39. Nc1 Rg8 40. Ne2 e6 41. Ke3 Rh7 42. f4 exf4+ 43. Kxf4 Rh4+ 44. Kf3 Ke5 45. Rd4 Rf8+ 46. Kxg3 Rxe4 47. Rxe4+ Kxe4 48. Nd4 e5 49. Nxb5 d5 50. a4 Kd3 51. Nc7 Kc4 52. b3+ Kxc3 53. Nxd5+ Kxb3 54. a5 Kc4 55. Nb6+ Kd4 56. a6 Rf7 57. Nc8 Rc7 58. Nd6 Kd5 59. Nb5 Rc8 60. a7 Kc6 61. Nc3 Ra8 62. Kf3 Rxa7 63. Ke4 Ra3 64. Nd1 Kd6 65. Ne3 Ra4+ 66. Kf5 Rf4+ 67. Kg5 Ke6 68. g3 Rf3 0-1


[Site "https://www.chess.com"]

[Event "Titled Tuesday Blitz January 25 2022"]
[White "Costachi, Mihnea"]
[Black "Vlassov, Nikolai"]
[WhiteFideId "1217518"]
[BlackFideId "4103360"]
[WhiteElo "2464"]
[BlackElo "2407"]
[Result "1-0"]
[Round "03"]
[TimeControl "180+1"]
[Date "2022.01.26"]
[WhiteClock "0:00:32"]
[BlackClock "0:00:34"]

1. e4 Nc6 2. Nc3 Nf6 3. Nf3 d5 4. exd5 Nxd5 5. Bb5 Bg4 6. h3 Bxf3 7. Qxf3 e6 8. Bxc6+ bxc6 9. O-O Bd6 10. b3 Qf6 11. Qxf6 gxf6 12. Bb2 Ke7 13. Ne4 Be5 14. d4 Bd6 15. c4 Nb4 16. g3 Rhg8 17. Kh2 f5 18. Nc3 Nd3 19. Rab1 f4 20. Ne2 c5 21. dxc5 Bxc5 22. Nxf4 Nxf2 23. Rbe1 Rad8 24. Re2 Nd3 25. Bf6+ Kxf6 26. Nxd3+ Ke7 27. Nxc5 Rg5 28. Ne4 Re5 29. Rfe1 Rd3 30. Nf2 Rxe2 31. Rxe2 Rc3 32. Kg2 a5 33. Ne4 Rc1 34. Nc5 h5 35. h4 Ra1 36. Rd2 f5 37. Nb7 a4 38. bxa4 Rb1 39. Na5 Rb4 40. Nc6+ 1-0


[Site "https://www.chess.com"]

[Event "Titled Tuesday Blitz January 25 2022"]
[White "Cunjalo, Faris"]
[Black "Dronavalli, Harika"]
[WhiteFideId "14410710"]
[BlackFideId "5015197"]
[WhiteElo "2263"]
[BlackElo "2382"]
[Result "1/2-1/2"]
[Round "03"]
[TimeControl "180+1"]
[Date "2022.01.26"]
[WhiteClock "0:00:05"]
[BlackClock "0:00:51"]

1. f4 g6 2. Nf3 Bg7 3. g3 c5 4. Bg2 d5 5. O-O Nh6 6. d3 d4 7. c3 O-O 8. Qe1 Nc6 9. Na3 Nf5 10. Nc4 Be6 11. Nce5 Nxe5 12. Nxe5 Bd5 13. Nf3 b5 14. Bd2 Rb8 15. g4 Ne3 16. Bxe3 dxe3 17. a3 a5 18. Qg3 b4 19. axb4 axb4 20. Ne5 bxc3 21. bxc3 Bxg2 22. Kxg2 Bxe5 23. fxe5 Qd5+ 24. Kg1 Rb6 25. Qxe3 Re6 26. d4 cxd4 27. cxd4 f6 28. g5 Rd8 29. gxf6 exf6 30. Rxf6 Rxf6 31. exf6 Qxd4 32. Qxd4 Rxd4 33. Ra8+ Kf7 34. Ra7+ Kxf6 35. Rxh7 g5 36. Rh3 g4 37. Re3 Kf5 38. Kf2 Rd8 39. Rd3 Rh8 40. Kg2 Re8 41. Kf2 Rh8 42. Kg2 Re8 43. e3 Rh8 44. Rb3 Rh3 45. Ra3 Rf3 46. Rc3 Rh3 47. Rc5+ Kf6 48. e4 Re3 49. Rf5+ Kg6 50. Re5 Kf6 51. Re8 Kf7 52. Re5 Kf6 53. Re8 Kf7 54. Re5 Kf6 1/2-1/2


[Site "https://www.chess.com"]

[Event "Titled Tuesday Blitz January 25 2022"]
[White "Dastan, Muhammed Batuhan"]
[Black "Chor, Kevin"]
[WhiteFideId "6300014"]
[BlackFideId "2090740"]
[WhiteElo "2410"]
[BlackElo "2649"]
[Result "1-0"]
[Round "03"]
[TimeControl "180+1"]
[Date "2022.01.26"]
[WhiteClock "0:00:52"]
[BlackClock "0:00:19"]

1. d4 Nf6 2. c4 g6 3. Nc3 Bg7 4. e4 d6 5. h3 O-O 6. Be3 e5 7. d5 a5 8. g4 Na6 9. Qd2 Nc5 10. f3 c6 11. Nge2 cxd5 12. cxd5 Bd7 13. h4 b5 14. Ng3 b4 15. Nd1 Qb6 16. g5 Nh5 17. Nxh5 gxh5 18. Nf2 f5 19. gxf6 Rxf6 20. Be2 Bb5 21. Rg1 Kh8 22. Rc1 Raf8 23. Rg3 Rf4 24. Bxb5 Qxb5 25. Qe2 Qxe2+ 26. Kxe2 Rxh4 27. Bxc5 dxc5 28. Rxc5 Rh2 29. Rh3 Rg2 30. Rxh5 a4 31. d6 Rd8 32. Rd5 Bf6 33. Kf1 Rg7 34. Ng4 Bg5 35. Nxe5 Bf4 36. Rf5 Bc1 37. Nf7+ 1-0


[Site "https://www.chess.com"]

[Event "Titled Tuesday Blitz January 25 2022"]
[White "Dauner, Benedikt"]
[Black "Moskalenko, Alexander"]
[WhiteFideId "16225899"]
[BlackFideId "4155351"]
[WhiteElo "2230"]
[BlackElo "2515"]
[Result "1/2-1/2"]
[Round "03"]
[TimeControl "180+1"]
[Date "2022.01.26"]
[WhiteClock "0:00:04"]
[BlackClock "0:00:05"]

1. d4 Nf6 2. Nf3 c5 3. d5 e6 4. Nc3 d6 5. e4 e5 6. h3 Be7 7. g4 O-O 8. Nd2 Ne8 9. Nc4 Bg5 10. Be3 Bxe3 11. fxe3 Qh4+ 12. Kd2 Nd7 13. Qe1 Qe7 14. Be2 b6 15. a4 Rb8 16. Qg3 a6 17. Na3 Nc7 18. h4 b5 19. axb5 Nb6 20. bxa6 Nxa6 21. Nab5 Nb4 22. Ra7 Rb7 23. Rha1 Rxa7 24. Rxa7 Qd8 25. g5 Ba6 26. h5 Nc8 27. Rc7 Bxb5 28. Nxb5 Na6 29. Rc6 Nb8 30. h6 Nxc6 31. dxc6 g6 32. Bc4 Nb6 33. b3 Nxc4+ 34. bxc4 Qa5+ 35. Kd3 Rb8 36. Qg4 Rf8 37. Qd7 Qe1 38. Qe7 Qd1+ 39. Kc3 Qa1+ 40. Kd3 Qd1+ 41. Kc3 Qe1+ 42. Kd3 Qf1+ 43. Kc3 Qe1+ 44. Kd3 1/2-1/2


[Site "https://www.chess.com"]

[Event "Titled Tuesday Blitz January 25 2022"]
[White "Demin, Vladimir"]
[Black "Wagner, Dennis"]
[WhiteFideId "4167457"]
[BlackFideId "24650684"]
[WhiteElo "2518"]
[BlackElo "2355"]
[Result "0-1"]
[Round "03"]
[TimeControl "180+1"]
[Date "2022.01.26"]
[WhiteClock "0:00:10"]
[BlackClock "0:00:13"]

1. e4 e5 2. Nf3 Nc6 3. Bb5 a6 4. Bxc6 dxc6 5. O-O Bd6 6. d4 exd4 7. Qxd4 f6 8. Be3 Ne7 9. Nbd2 Be6 10. Rad1 Ng6 11. Nc4 Bxc4 12. Qxc4 Qe7 13. Rfe1 O-O-O 14. a4 Rhe8 15. Bc1 Ne5 16. Nxe5 Qxe5 17. g3 h5 18. c3 h4 19. Bf4 Qh5 20. Bxd6 hxg3 21. hxg3 cxd6 22. Kg2 Kb8 23. Qe2 Qg6 24. Qf3 Re5 25. Re3 Kc7 26. Qf4 Rh8 27. Red3 Qh5 28. Qf3 Qh2+ 29. Kf1 Qh1+ 30. Qxh1 Rxh1+ 31. Kg2 Rxd1 32. Rxd1 Rxe4 33. b3 Re2 34. b4 Rc2 35. Rd3 b6 36. g4 Ra2 37. Rh3 c5 38. Rh7 cxb4 39. cxb4 Rxa4 40. Rxg7+ Kc6 41. Rf7 Rxb4 42. Kg3 a5 43. Rxf6 a4 44. Rf8 Rb5 45. f4 a3 46. Rh8 a2 47. Rh1 Rb1 0-1


[Site "https://www.chess.com"]

[Event "Titled Tuesday Blitz January 25 2022"]
[White "Efimenko, Zahar"]
[Black "Espinosa Veloz, Ermes"]
[WhiteFideId "14107201"]
[BlackFideId "3507424"]
[WhiteElo "2528"]
[BlackElo "2333"]
[Result "1-0"]
[Round "03"]
[TimeControl "180+1"]
[Date "2022.01.26"]
[WhiteClock "0:00:09"]
[BlackClock "0:00:03"]

1. Nf3 Nf6 2. g3 g6 3. b3 Bg7 4. Bb2 c5 5. c4 d6 6. d4 Ne4 7. Nc3 Qa5 8. Rc1 Nc6 9. e3 Bg4 10. Be2 cxd4 11. exd4 Nxc3 12. Bxc3 Qb6 13. d5 Bxc3+ 14. Rxc3 Bxf3 15. Bxf3 Ne5 16. O-O O-O 17. Re1 Qa5 18. Rce3 Qxa2 19. Bg2 a5 20. c5 Rfc8 21. f4 Nd7 22. c6 Nc5 23. Rxe7 bxc6 24. dxc6 Rab8 25. Bd5 Rf8 26. b4 Qa3 27. bxc5 Qxc5+ 28. Kh1 Rb2 29. R1e2 Rb5 30. Rd2 Qb6 31. Kg2 Rb1 32. Qe2 Rg1+ 33. Kh3 Qc5 34. Rxf7 Rxf7 35. Qe8+ Kg7 36. Qxf7+ Kh6 37. Qf8+ Kh5 38. Bf3# 1-0


[Site "https://www.chess.com"]

[Event "Titled Tuesday Blitz January 25 2022"]
[White "Fawzy, Adham"]
[Black "Tikhonov, Viacheslav"]
[WhiteFideId "10613129"]
[BlackFideId "44196407"]
[WhiteElo "2510"]
[BlackElo "1773"]
[Result "1/2-1/2"]
[Round "03"]
[TimeControl "180+1"]
[Date "2022.01.26"]
[WhiteClock "0:00:03"]
[BlackClock "0:00:04"]

1. e4 e6 2. d4 d5 3. Nc3 Nf6 4. exd5 exd5 5. Bd3 Bb4 6. Ne2 c5 7. dxc5 O-O 8. O-O Nc6 9. Bg5 h6 10. Be3 Ng4 11. Nxd5 Nxe3 12. Nxe3 Bxc5 13. Qd2 Re8 14. Nf4 Qg5 15. g3 Nd4 16. Qd1 Ne6 17. Nfg2 Bd7 18. c3 Bc6 19. Qg4 Qf6 20. Qf5 Rad8 21. Qxf6 gxf6 22. Bf5 Ng5 23. Bg4 Nf3+ 24. Bxf3 Bxf3 25. Rfe1 Rd2 26. b3 Red8 27. Nf4 b5 28. b4 Bb6 29. a4 a6 30. a5 Ba7 31. Kf1 Rc8 32. Ne2 Bxe3 33. fxe3 Bxe2+ 34. Rxe2 Rd3 35. e4 Rdxc3 36. Rb1 Rc1+ 37. Re1 Rxb1 38. Rxb1 Rc2 39. h4 Kg7 40. Rd1 Rb2 41. Rd6 Rxb4 42. Rxa6 Rxe4 43. Rb6 b4 44. Kf2 Re5 45. a6 Ra5 46. Kf3 Kg6 47. Kf4 b3 48. Rxb3 Ra4+ 49. Kf3 Rxa6 50. Rb5 f5 51. Kf4 f6 52. Kf3 Ra4 53. Rb8 Rg4 54. Rg8+ Kh5 55. Rxg4 fxg4+ 56. Kf4 Kg6 57. Kxg4 f5+ 58. Kf3 Kf6 59. Kf4 Ke6 60. Kf3 Kf6 61. Ke2 Ke5 62. Ke3 Kf6 63. Kd4 Ke6 64. Kd3 Ke5 65. Ke3 Kf6 66. Kd4 Ke6 67. h5 Kf6 68. Kd5 Kg5 69. Ke5 Kxh5 70. Kxf5 1/2-1/2


[Site "https://www.chess.com"]